 Dungeon Crawl Stone Soup version 0.30-a0-354-g6b83867211 (webtiles) character file.

Game seed: 11604298494342082549

1850 koil the Sneak (level 8, -2/40 HPs)
             Began as a Spriggan Enchanter on Nov 8, 2022.
             Was an Initiate of Sif Muna.
             Constricted to death by Maggie (5 damage)
             ... on level 7 of the Dungeon.
             The game lasted 00:25:03 (8711 turns).

koil the Sneak (Spriggan Enchanter)                 Turns: 8711, Time: 00:25:04

Health: -2/40      AC:  4    Str:  7    XL:     8   Next: 88%
Magic:  13/17      EV: 16    Int: 21    God:    Sif Muna [......]
Gold:   170        SH:  0    Dex: 15    Spells: 7/18 levels left

rFire   . . .      SeeInvis +    a - +1 dagger
rCold   + . .      Faith    .    (no shield)
rNeg    . . .      Spirit   .    w - +1 robe
rPois   .          Reflect  .    (helmet restricted)
rElec   .          Harm     .    b - +0 cloak "Nivito Caali" {Drain rCorr Str+3 Int+2 SInv}
rCorr   +          Rampage  .    (gloves unavailable)
Will    +....                    (boots unavailable)
Stlth   ++++......               h - amulet of magic regeneration
HPRegen 0.26/turn                (no ring)
MPRegen 0.55/turn                (no ring)

@: grasped by roots, constricted, very quick
A: very small, no large weapons, unfitting armour, see invisible, speed 3, cold
resistance 1, evolution 1
a: Renounce Religion


You were on level 7 of the Dungeon.
You worshipped Sif Muna.
Sif Muna was noncommittal.
You visited 2 branches of the dungeon, and saw 8 of its levels.

You collected 377 gold pieces.
You spent 207 gold pieces at shops.

Inventory:

Hand Weapons
 a - a +1 dagger (weapon)
Missiles
 F - 2 silver boomerangs (quivered)
 H - 2 throwing nets
Armour
 b - the +0 cloak "Nivito Caali" (worn) {Drain rCorr Str+3 Int+2 SInv}
   (You found it on level 7 of the Dungeon)

   Str:       It affects your strength (+3).
   Int:       It affects your intelligence (+2).
   SInv:      It lets you see invisible.
   rCorr:     It protects you from acid and corrosion.
   Drain:     It drains your maximum health when unequipped.
 v - the +2 cloak of Compression {Rampage Str-2 Int+3}
   (You found it on level 3 of the Dungeon)

   Str:       It affects your strength (-2).
   Int:       It affects your intelligence (+3).
   Rampage:   It bestows one free step when moving towards enemies.
 w - a +1 robe (worn)
 x - a scarf of resistance
Jewellery
 h - an amulet of magic regeneration (around neck)
Wands
 g - a wand of flame (15)
 p - a wand of paralysis (7)
 J - a wand of acid (5)
Scrolls
 d - 2 scrolls of fog
 i - 3 scrolls of fear
 j - 6 scrolls of teleportation
 l - 2 scrolls of poison
 m - a scroll of identify
Potions
 c - 2 potions of invisibility
 e - a potion of might
 f - 2 potions of flight
 k - a potion of resistance
 n - a potion of brilliance
 o - 2 potions of magic
 q - a potion of cancellation
 u - 4 potions of curing
 A - a potion of berserk rage
 D - a potion of heal wounds
 E - 2 potions of lignification


   Skills:
 + Level 3.2 Fighting
 + Level 4.5 Short Blades
 + Level 5.8 Dodging
 + Level 7.7 Stealth
 + Level 5.6 Spellcasting
 + Level 2.6 Conjurations
 + Level 6.1 Hexes
 - Level 3.0 Transmutations
 + Level 2.9 Poison Magic


You had 7 spell levels left.
You knew the following spells:

 Your Spells              Type           Power      Damage    Failure   Level
a - Ensorcelled Hibernat  Hex/Ice        36%        N/A       4%          2
b - Confusing Touch       Hex            31%        N/A       2%          3
c - Dazzling Flash        Conj/Hex       48%        N/A       4%          3
d - Spider Form           Tmut/Pois      18%        N/A       9%          3

Your spell library contained the following spells:

 Spells                   Type           Power      Damage    Failure   Level
 Tukima's Dance           Hex            31%        N/A       2%          3
 Inner Flame              Hex/Fire       18%        N/A       9%          3
 Necrotise                Necr           20%        1d5       11%         1
 Anguish                  Hex/Necr       9%         N/A       28%         4
 Gell's Gravitas          Tloc           5%         N/A       30%         3
 Lesser Beckoning         Tloc           10%        N/A       30%         3
 Teleport Other           Tloc           5%         N/A       30%         3
 Vampiric Draining        Necr           5%         2d6       30%         3
 Flame Wave               Conj/Fire      11%        2d6       52%         4
 Sticky Flame             Conj/Fire      11%        2d3       52%         4
 Summon Mana Viper        Hex/Summ       18%        N/A       63%         5
 Agony                    Necr           5%         N/A       96%         5
 Summon Forest            Summ/Tloc      2%         N/A       96%         5
 Summon Cactus Giant      Summ           2%         N/A       100%        6


Dungeon Overview and Level Annotations

Branches:
Dungeon (7/15)             Temple (1/1) D:6

Altars:
Cheibriados
Dithmenos
Hepliaklqana
Kikubaaqudgha
Makhleb
Nemelex Xobeh
Okawaru
Qazlal
Ru
Sif Muna
Trog
Uskayaw
Vehumet
Wu Jian
Xom
Zin

Shops:
D:2 [:*!=   D:4 !

Annotations:
D:7 Maggie


Innate Abilities, Weirdness & Mutations

You are very small and have problems with some larger weapons.
You are too small for most types of armour.
You have supernaturally acute eyesight. (SInv)
You cover ground extremely quickly. (Speed+++)
Your flesh is cold resistant. (rC+)
You have hidden genetic potential.


Message History

You miscast Ensorcelled Hibernation.
You are very lightly contaminated with residual magic.
Nothing appears to happen.
Maggie casts a spell at you. The bolt of fire hits you!
Casting: Ensorcelled Hibernation (safe; 4% risk of failure)
Confirm with . or Enter, or press ? or * to list all spells.
Aiming: Ensorcelled Hibernation (safe; 4% risk of failure)
Press: ? - help, Shift-Dir - straight line, f/p - Maggie
Aim: Maggie, wielding a +0 morningstar of distortion, wearing +0 steam dragon scales and carrying a wand of roots (14) (chance to affect: 50%) Maggie looks drowsy...
The helpless Maggie fails to defend herself.
You stick Maggie like a pincushion!!!
Maggie is severely wounded.
Maggie closely misses you.
Casting: Ensorcelled Hibernation (safe; 4% risk of failure)
Confirm with . or Enter, or press ? or * to list all spells.
Your hands begin to glow red.
Maggie completely misses you.
You hit Maggie but do no damage.
Maggie is severely wounded.
Maggie closely misses you.
You hit Maggie but do no damage.
Maggie is severely wounded.
Maggie zaps a wand.
The roots erupt in riotous growth!
The grasping roots grab you!
Maggie is unaffected.
The grasping roots constrict you.
You hear a shout! x6
You hit Maggie but do no damage.
Maggie appears confused.
Maggie is severely wounded.
Maggie hits you with a +0 morningstar of distortion!
* * * LOW HITPOINT WARNING * * *
The grasping roots constrict you.
* * * LOW HITPOINT WARNING * * *
You hit Maggie but do no damage.
Maggie is severely wounded.
Your magical contamination has completely faded away.
You hit Maggie. You punch Maggie.
Maggie is severely wounded.
Maggie closely misses you. The grasping roots constrict you.
You die...

.# #.# .##.# . #.# #....
#. #.# #.... #. #.#
#.#.# #.. ########.#
#.#.# #.###........#
#.#..
#####.@.#...#†...###.#..
..)....@................
.......!..#._.#..##..#.#
##+###..........###..#.#
#.......#...# #..#.#
#...........###...#.
#..)#...#........###
.......###.......## #
#####..# #.######.###
#.#.


You could see Maggie (confused).

Vanquished Creatures
  A wyvern (D:7)
  A steam dragon (D:6)
  A black bear (D:6)
  2 ice beasts (D:6)
  An ogre (D:4)
  A centaur (D:6)
  A phantom (D:6)
  Blork the orc (D:6)
  A necrophage (D:6)
  A scorpion (D:5)
  6 hounds
  A jelly (D:4)
  3 orc priests
  6 iguanas
  2 orc wizards
  Robin (D:4)
  15 gnolls
  7 adders
  A shadow imp (D:4)
  3 ufetubi
  2 dart slugs
  10 orcs
  6 ball pythons
  A bat (D:2)
  14 endoplasms
  8 giant cockroaches
  19 goblins
  13 hobgoblins
  6 quokkas
  4 frilled lizards (D:1)
  13 kobolds
  6 rats
158 creatures vanquished.

Notes
Turn   | Place    | Note
-------+----------+-------------------------------------------
     0 | D:1      | koil the Spriggan Enchanter began the quest for the Orb.
     0 | D:1      | Reached XP level 1. HP: 9/9 MP: 5/5
   140 | D:1      | Reached XP level 2. HP: 13/13 MP: 6/6
   146 | D:1      | Learned a level 2 spell: Ensorcelled Hibernation
   982 | D:1      | Reached XP level 3. HP: 17/17 MP: 8/8
  1232 | D:2      | Found Akaemnos's Jewellery Shop.
  1339 | D:2      | Found Irres's Antique Armour Boutique.
  1593 | D:2      | Found Narog's Assorted Antiques.
  1594 | D:2      | Found Gomig's Book Shoppe.
  1607 | D:2      | Reached skill level 5 in Stealth
  1742 | D:2      | Found Peiggok's Distillery.
  1760 | D:2      | Bought a potion of curing for 33 gold pieces
  1760 | D:2      | Bought a potion of degeneration for 11 gold pieces
  1760 | D:2      | Bought a potion of flight for 33 gold pieces
  1841 | D:2      | Reached XP level 4. HP: 21/21 MP: 9/9
  1907 | D:2      | Learned a level 3 spell: Confusing Touch
  1915 | D:2      | Reached skill level 1 in Fighting
  1919 | D:2      | Learned a level 3 spell: Dazzling Flash
  2464 | D:3      | Reached XP level 5. HP: 10/25 MP: 7/11
  2674 | D:3      | Identified the +2 cloak of Compression {Rampage Str-2
                  | Int+3}
  3277 | D:4      | Noticed Robin
  3283 | D:4      | Learned a level 3 spell: Spider Form
  3351 | D:4      | Reached skill level 1 in Conjurations
  3374 | D:4      | Killed Robin
  3389 | D:4      | Reached XP level 6. HP: 10/30 MP: 12/12
  3485 | D:4      | Found a hide-covered altar of Uskayaw.
  3552 | D:4      | Reached skill level 1 in Transmutations
  3688 | D:4      | Found Wupif's Distillery.
  3700 | D:4      | Bought a potion of mutation for 80 gold pieces
  3700 | D:4      | Bought a potion of heal wounds for 50 gold pieces
  3877 | D:4      | Reached skill level 6 in Stealth
  3877 | D:4      | Reached skill level 1 in Poison Magic
  3930 | D:4      | Reached XP level 7. HP: 35/35 MP: 14/14
  4360 | D:5      | Entered Level 5 of the Dungeon
  4759 | D:5      | Reached skill level 5 in Hexes
  4864 | D:5      | Identified the +4 hand axe "Javidyng" {vorpal, Dex+3}
  6992 | D:6      | Noticed a steam dragon
  6997 | D:6      | Killed a steam dragon
  7148 | D:6      | Reached skill level 5 in Dodging
  7148 | D:6      | Reached XP level 8. HP: 28/39 MP: 16/16
  7240 | D:6      | Noticed Blork the orc
  7254 | D:6      | Killed Blork the orc
  7255 | D:6      | Reached skill level 5 in Spellcasting
  7325 | D:6      | Reached skill level 7 in Stealth
  7866 | D:6      | Found a staircase to the Ecumenical Temple.
  8293 | Temple   | Entered the Ecumenical Temple
  8542 | Temple   | Became a worshipper of Sif Muna the Loreminder
  8581 | Temple   | Gained mutation: Your flesh is cold resistant. (rC+)
                  | [potion of mutation]
  8581 | Temple   | Gained mutation: You have hidden genetic potential. [potion
                  | of mutation]
  8633 | D:7      | Identified the +0 cloak "Nivito Caali" {Drain rCorr Str+3
                  | Int+2 SInv}
  8686 | D:7      | Found a radiant altar of Vehumet.
  8698 | D:7      | Noticed Maggie
  8711 | D:7      | Constricted to death by Maggie

Illustrated notes

Levels and vault maps discovered:
D:1:      dpeg_arrival_signposts, layout_basic, minmay_pentomino_v4
D:2:      layout_basic, serial_shops, shop, nicolae_shop_stone, shop_fountains,
          shop, shop, minmay_misc_feat_four_crosses,
          ebering_dispersal_statue_hall, grunt_ministairs_14
D:3:      layout_basic
D:4:      layout_loops_cross, lemuel_tele_altar, serial_shops, shop, uniq_robin
D:5:      layout_layer_cave
D:6:      layout_layer_cave, lemuel_temple_firewalk_b, uniq_blork_the_orc
D:7:      layout_loops_ring, vehumet_altar_wand_db, corexii_checkpoint_b,
          uniq_maggie, uniq_pikel, uniq_duvessa
Temple:   dpeg_chambers_temple

Skill      XL: |  1  2  3  4  5  6  7  8 |
---------------+-------------------------+-----
Spellcasting   | 3 4 5 |  5.6
Dodging        | 3 4 5 |  5.8
Hexes          | 4 5 6 |  6.1
Stealth        | 5 6 7 |  7.7
Short Blades   | 2 3 4 |  4.5
Fighting       | 1 2 3 |  3.2
Conjurations   | 1 2 |  2.6
Transmutations | 1 2 3 |  3.0
Poison Magic   | 1 2 |  2.9

Action                   |  1- 3 |  4- 6 |  7- 9 || total
-------------------------+-------+-------+-------++-------
Melee: Dagger            |   151 |   284 |   174 ||   609
       Punch             |       |     3 |     3 ||     6
       Unarmed           |       |       |     7 ||     7
 Cast: Ensorcelled Hiber |     8 |    28 |    30 ||    66
       Confusing Touch   |       |     4 |    10 ||    14
       Dazzling Flash    |       |       |     2 ||     2
       Spider Form       |       |       |     1 ||     1
  Use: Potion            |       |     1 |     4 ||     5
       Scroll            |       |       |    15 ||    15
 Stab: Sleeping          |    19 |    25 |    27 ||    71
       Distracted        |     1 |       |       ||     1
       Confused          |       |     4 |    12 ||    16
Armor: Robe              |    20 |    31 |    23 ||    74
       Skin              |       |    20 |       ||    20
Dodge: Dodged            |    94 |   191 |   230 ||   515

Table legend: (Time is in decaauts)
 A = Elapsed time spent in this place.
 B = Non-inter-level travel time spent in this place.
 C = Inter-level travel time spent in this place.
 D = Time resting spent in this place.
 E = Time spent auto-exploring this place.
 F = Levels seen in this place.
 G = Mean time per level.
                   A        B        C        D        E       F      G
               +--------+--------+--------+--------+--------+-----+--------+
         Total |   6055 |   5904 |    151 |    415 |   4270 |   8 |  756.9 |
       Dungeon |   5874 |   5766 |    108 |    415 |   4155 |   7 |  839.1 |
        Temple |    181 |    139 |     42 |      0 |    114 |   1 |  181.0 |
               +--------+--------+--------+--------+--------+-----+--------+

Top non-repeatable levels by time:
     D:5: 1692 daAuts
     D:4: 989 daAuts
     D:6: 937 daAuts
     D:1: 839 daAuts
     D:2: 819 daAuts
     D:3: 540 daAuts
  Temple: 181 daAuts
     D:7: 56 daAuts
